 Dungeon Crawl Stone Soup version 0.31-a0-995-g04711c9635 (webtiles) character file.

Game seed: 15349332357031791091

964 Soborki the Cleaver (level 7, -2/85 HPs)
             Began as a Minotaur Berserker on Nov 6, 2023.
             Was a Believer of Trog.
             Slain by a lemure (8 damage)
             ... led by Pikel
             ... on level 5 of the Dungeon.
             The game lasted 00:04:44 (4443 turns).

Soborki the Cleaver (Minotaur Berserker)            Turns: 4443, Time: 00:04:45

Health: -2/85      AC:  8    Str: 23    XL:     7   Next: 93%
Magic:  6/6        EV:  9    Int:  4    God:    Trog [**....]
Gold:   149        SH:  0    Dex: 10    Spells: 6/6 levels left

rFire   . . .        a - +0 hand axe
rCold   . . .        (no shield)
rNeg    . . .        v - +0 chain mail
rPois   .            (helmet restricted)
rElec   .            (no cloak)
rCorr   .            (no gloves)
SInv    .            (no boots)
Will    .....        (no amulet) Stlth
                     (no ring)
HPRegen 0.34/turn    (no ring)
MPRegen 0.10/turn

%: no passive effects
@: berserking, very quick
A: horns 2, retaliatory headbutt
a: Renounce Religion, Berserk, Trog's Hand


You were on level 5 of the Dungeon.
You worshipped Trog.
Trog was pleased with you.
You visited 1 branch of the dungeon, and saw 5 of its levels.

You collected 149 gold pieces.

Inventory:

Hand Weapons
 a - a +0 hand axe (weapon)
 b - a +1 mace of protection
Missiles
 p - 3 poisoned darts
Armour
 v - a +0 chain mail (worn)
Wands
 j - a wand of paralysis (3)
 o - a wand of polymorph (8)
Scrolls
 g - a scroll of teleportation {unknown}
 i - 2 scrolls of identify {unknown}
 q - 2 scrolls of vulnerability {unknown}
 s - a scroll of fear {unknown}
 u - 2 scrolls of enchant armour {unknown}
 w - a scroll of immolation {unknown}
Potions
 c - a potion of ambrosia {unknown}
 d - 3 potions of brilliance {unknown}
 e - a potion of resistance {unknown}
 f - 2 potions of might {unknown}
 h - a potion of lignification {unknown}
 k - 2 potions of heal wounds {unknown}
 l - a potion of curing {unknown}
 m - 2 potions of attraction {unknown}
 n - a potion of enlightenment {unknown}
 r - a potion of invisibility {unknown}
 t - a potion of experience {unknown}
 x - a potion of mutation {unknown}


   Skills:
 - Level 3.6 Fighting
 + Level 11.4 Axes
 - Level 2.4 Armour
 - Level 2.1 Dodging


You had 6 spell levels left.
You didn't know any spells.
Your spell library was empty.

Dungeon Overview and Level Annotations

Branches:
Dungeon (5/15)
 Temple: D:4-7

Altars:
Vehumet

Annotations:
D:3 3 runed translucent doors, gergalisaous's ghost, amateur VSFi
D:5 Pikel


Innate Abilities, Weirdness & Mutations

You have a pair of horns on your head.
You reflexively headbutt those who attack you in melee.


Message History

Pikel is lightly wounded.
You hit the lemure but do no damage. You closely miss the lemure.
The lemure hits you. Pikel hits you but does no damage.
You are electrocuted!
* * * LOW HITPOINT WARNING * * *
The lemure hits you.
* * * LOW HITPOINT WARNING * * *
You barely miss Pikel.
Pikel is lightly wounded.
You barely miss the lemure. You hit the lemure. The lemure barely misses you.
Pikel hits you with a +0 whip of electrocution.
* * * LOW HITPOINT WARNING * * *
The lemure barely misses you. You furiously retaliate!
You headbutt the lemure.
A red film seems to cover your vision as you go berserk!
You feel yourself moving faster!
You feel mighty! The lemure barely misses you. The lemure closely misses you.
You furiously retaliate!
You headbutt the lemure!
Pikel hits you with a +0 whip of electrocution.
* * * LOW HITPOINT WARNING * * *
The lemure hits you but does no damage.
You miss Pikel.
Pikel is lightly wounded.
You barely miss the lemure. You closely miss the lemure.
You barely miss the lemure. You slice Pikel!! Your punch misses Pikel.
Pikel is heavily wounded.
You miss the lemure. You closely miss the lemure. You hit the lemure.
The lemure hits you.
* * * LOW HITPOINT WARNING * * *
Pikel hits you but does no damage.
You are electrocuted!
* * * LOW HITPOINT WARNING * * *
The lemure hits you but does no damage.
You closely miss Pikel.
Pikel is heavily wounded.
You hit the lemure. You hit the lemure but do no damage.
You closely miss the lemure. You hit Pikel.
Pikel is severely wounded.
You closely miss the lemure. You hit the lemure but do no damage.
You barely miss the lemure. The lemure hits you!
You die...

........<..######
###....).....).#
#.#.###..###.## #
#. #..##...### #.#
#.........# #
#..##.###...#.#
..##.#.#.#.#
##.##.#
#...?55K#..# #.##.#
#.#.@.#.# #.##.#
#.55##.####.##.#
##.......##.##.#
#.........).##.#
#.#######.#####.###
#. #.# #...# # #.#
###.# #.#######.#
#.......#.#


You could see Pikel and 4 lemures.

Vanquished Creatures
  Sigmund (D:2)
  Menkaure (D:4)
  An ice beast (D:3)
  An ogre (D:4)
  A centaur (D:5)
  A scorpion (D:4)
  2 hounds
  2 orc priests (D:3)
  An iguana (D:3)
  Terence (D:2)
  2 sleepcaps (D:5)
  2 orc wizards (D:4)
  Robin (D:3)
  An adder (D:2)
  3 dart slugs
  12 orcs
  2 ball pythons (D:2)
  7 endoplasms
  3 giant cockroaches
  4 hobgoblins
  3 jackals (D:1)
  3 kobolds
  3 quokkas
  5 bats
  9 goblins
  3 rats
75 creatures vanquished.

Notes
Turn   | Place    | Note
-------+----------+-------------------------------------------
     0 | D:1      | Soborki the Minotaur Berserker began the quest for the Orb.
     0 | D:1      | Reached XP level 1. HP: 19/19 MP: 0/0
    37 | D:1      | Reached skill level 4 in Axes
   225 | D:1      | Reached XP level 2. HP: 24/26 MP: 1/1
   687 | D:2      | Noticed Terence
   696 | D:2      | Killed Terence
   697 | D:2      | Reached skill level 5 in Axes
   697 | D:2      | Reached XP level 3. HP: 24/31 MP: 2/2
   729 | D:2      | Noticed Sigmund
   738 | D:2      | Killed Sigmund
   739 | D:2      | Reached skill level 7 in Axes
   739 | D:2      | Reached XP level 4. HP: 39/39 MP: 3/3
   739 | D:2      | Reached XP level 5. HP: 45/45 MP: 4/4
  1378 | D:3      | Noticed Robin
  1385 | D:3      | Reached ** piety under Trog
  1430 | D:3      | Killed Robin
  1431 | D:3      | Reached skill level 8 in Axes
  1725 | D:3      | Noticed an ice beast
  1736 | D:3      | Killed an ice beast
  1737 | D:3      | Reached XP level 6. HP: 28/51 MP: 5/5
  1977 | D:3      | Found a runed translucent gate.
  1977 | D:3      | Found a runed translucent gate.
  1978 | D:3      | Found a runed translucent gate.
  2055 | D:3      | Reached skill level 9 in Axes
  2523 | D:3      | Noticed gergalisaous's ghost (amateur VSFi)
  2784 | D:4      | Noticed Menkaure
  2899 | D:4      | Killed Menkaure
  2900 | D:4      | Reached XP level 7. HP: 45/57 MP: 6/6
  3290 | D:4      | Reached skill level 10 in Axes
  4251 | D:5      | Entered Level 5 of the Dungeon
  4261 | D:5      | Reached skill level 11 in Axes
  4399 | D:5      | Found a radiant altar of Vehumet.
  4428 | D:5      | Noticed Pikel
  4443 | D:5      | Slain by a lemure

Illustrated notes

Levels and vault maps discovered:
D:1:      ebering_trefoil_3fold, layout_loops_ring
D:2:      layout_basic, uniq_sigmund, uniq_terence
D:3:      layout_loops_ring, gammafunk_ghost_icy, grunt_ministairs_14,
          minivault_14, corexii_leaking_fountain, minmay_misc_feat_alley,
          uniq_robin
D:4:      layout_gridville, minmay_misc_feat_enclosed, uniq_menkaure
D:5:      layout_loops_ring, mainiacjoe_overflow_six_doors_small,
          nicolae_yredelemnul_corpse_copse, minmay_temple_entry_trees,
          uniq_pikel

Skill      XL: |  1  2  3  4  5  6  7 |
---------------+----------------------+-----
Axes           | 4 5 7 8 9 11 | 11.4
Fighting       | |  3.6
Armour         | |  2.4
Dodging        | |  2.1

Action                     |  1- 3 |  4- 6 |  7- 9 || total
---------------------------+-------+-------+-------++-------
  Melee: Hand axe          |    25 |   108 |    77 ||   210
         Headbutt          |     5 |    15 |    14 ||    34
         Unarmed           |       |     2 |       ||     2
 Invoke: Berserk           |     1 |     2 |     2 ||     5
   Stab: Sleeping          |     1 |       |       ||     1
 Armour: Animal skin       |    13 |       |       ||    13
         Ring mail         |       |    46 |       ||    46
         Skin              |       |     5 |       ||     5
         Chain mail        |       |       |    70 ||    70
  Dodge: Dodged            |    13 |    57 |    22 ||    92

Table legend: (Time is in decaauts)
 A = Elapsed time spent in this place.
 B = Non-inter-level travel time spent in this place.
 C = Inter-level travel time spent in this place.
 D = Time resting spent in this place.
 E = Time spent auto-exploring this place.
 F = Levels seen in this place.
 G = Mean time per level.
                   A        B        C        D        E       F      G
               +--------+--------+--------+--------+--------+-----+--------+
         Total |   4452 |   4371 |     81 |    966 |   2956 |   5 |  890.4 |
       Dungeon |   4452 |   4371 |     81 |    966 |   2956 |   5 |  890.4 |
               +--------+--------+--------+--------+--------+-----+--------+

Top non-repeatable levels by time:
     D:3: 1499 daAuts
     D:4: 1375 daAuts
     D:2: 697 daAuts
     D:1: 696 daAuts
     D:5: 183 daAuts
